[Event "*** Titled Tuesday Blitz"]
[Site "Chess.com"]
[Date "2020.05.26"]
[Round "3"]
[White "Parkas"]
[Black "Alexandercs432"]
[Result "0-1"]
[WhiteElo "2291"]
[BlackElo "2118"]
[TimeControl "180+1"]
[EndTime "10:27:20 PDT"]
[Termination "Alexandercs432 won on time"]

1. e4 e5 2. Nc3 Nf6 3. Bc4 Nxe4 4. Bxf7+ Kxf7 5. Nxe4 d5 6. Ng3 Nc6 7. N1e2 Bd6 8. O-O Rf8 9. d3 Kg8 10. h3 Qe8 11. Be3 d4 12. Bd2 Qg6 13. Kh1 Ne7 14. Ne4 Nd5 15. N2g3 Bd7 16. c4 Nf4 17. c5 Be7 18. b4 Rf7 19. Kh2 Raf8 20. Bxf4 Rxf4 21.
f3 h5 22. a4 h4 23. Ne2 R4f5 24. Qd2 Bg5 25. Nxg5 Rxg5 26. Rf2 Rff5 27. Nc1 Rg3 28. Qe2 Rfg5 29. Nb3 Qe6 30. Nd2 Rxh3+ 31. Kg1 Bc6 32. Ne4 Bxe4 33. Qxe4 c6 34. Re1 Rhg3 35. Qxh4 Qg6 0-1

[Event "*** Titled Tuesday Blitz"]
[Site "Chess.com"]
[Date "2020.05.26"]
[Round "3"]
[White "Justinz"]
[Black "Semetey"]
[Result "0-1"]
[WhiteElo "2347"]
[BlackElo "2548"]
[TimeControl "180+1"]
[EndTime "10:27:21 PDT"]
[Termination "Semetey won by resignation"]

1. e4 c5 2. Nf3 d6 3. d4 cxd4 4. Nxd4 Nf6 5. Nc3 a6 6. Rg1 e5 7. Nb3 h6 8. g4 Be6 9. h4 Nfd7 10. g5 hxg5 11. Bxg5 Qc7 12. Nd5 Bxd5 13. Qxd5 Nc6 14. c3 b5 15. O-O-O Nb6 16. Qd3 b4 17. Kb1 a5 18.
Qb5 a4 19. Nc1 Ra5 20. Qd3 a3 21. b3 bxc3 22. Qxc3 Rc5 23. Qd2 Nd4 24. Bd3 Be7 25.
Bxe7 Qxe7 26. Rxg7 Rxh4 27. Ne2 Qf6 28. Rg8+ Ke7 29.
Nxd4 exd4 30. Qb4 Qxf2 31. Qxa3 Rh2 32. Qa7+ Nd7 33. Qa3 Ra5 0-1

[Event "*** Titled Tuesday Blitz"]
[Site "Chess.com"]
[Date "2020.05.26"]
[Round "3"]
[White "korbul"]
[Black "czasnaszachy"]
[Result "1-0"]
[WhiteElo "2577"]
[BlackElo "2371"]
[TimeControl "180+1"]
[EndTime "10:27:23 PDT"]
[Termination "korbul won on time"]

1. d4 d5 2. c4 c6 3. Nf3 Nf6 4.
e3 e6 5. Nc3 Nbd7 6. Be2 Bd6 7.
O-O dxc4 8. a4 a6 9. Nd2 O-O 10.
Nxc4 Bb8 11. a5 Nd5 12. e4 Nxc3 13. bxc3 e5 14. dxe5 Bxe5 15. Nxe5 Nxe5 16. Ba3 Re8 17. Bd6 Ng6 18. f3 Be6 19. c4 Qg5 20. Qc1 Qf6 21.
c5 Rad8 22. Rb1 Qd4+ 23. Kh1 Rd7 24. Qd1 Qf6 25. Qd2 Red8 26. Qe3 h5 27. f4 Bg4 28.
Bd3 Nf8 29. h3 Be6 30. e5 Qh6 31. Qe4 1-0

[Event "*** Titled Tuesday Blitz"]
[Site "Chess.com"]
[Date "2020.05.26"]
[Round "3"]
[White "Kildepiotr"]
[Black "BabyFacedAssasin"]
[Result "1-0"]
[WhiteElo "2485"]
[BlackElo "2230"]
[TimeControl "180+1"]
[EndTime "10:27:23 PDT"]
[Termination "Kildepiotr won by checkmate"]

1. Nf3 d6 2. d4 f5 3. Nbd2 Nf6 4. c3 g6 5. Qc2 Bg7 6. e4 fxe4 7. Nxe4 Nxe4 8. Qxe4 O-O 9. Qh4 e5 10. Bg5 Qe8 11.
dxe5 Nc6 12. Bc4+ Be6 13. O-O Rxf3 14. gxf3 Nxe5 15. Bxe6+ Qxe6 16. Qg3 Qd5 17. Rad1 Qc6 18. f4 Nf3+ 19. Kh1 Nxg5+ 20. f3 Ne6 21. f5 gxf5 22.
Rg1 Qd7 23. Rde1 Re8 24. Qh3 Qf7 25. Rg3 Nf4 26. Rxe8+ Qxe8 27. Qxf5 Qe1+ 28. Rg1 Qe3 29. Qc8+ Kf7 30. Qd7+ Kf6 31. Qxg7+ Kf5 32. Qf7+ Ke5 33.
Rg5# 1-0

[Event "*** Titled Tuesday Blitz"]
[Site "Chess.com"]
[Date "2020.05.26"]
[Round "3"]
[White "Danfii"]
[Black "HarutyunianTigranK"]
[Result "1-0"]
[WhiteElo "2411"]
[BlackElo "2698"]
[TimeControl "180+1"]
[EndTime "10:27:24 PDT"]
[Termination "Danfii won by checkmate"]

1. e4 e5 2. Nf3 Nc6 3. Bc4 Bc5 4. O-O Nf6 5. d3 O-O 6. Nbd2 a5 7. c3 d6 8. h3 h6 9. Re1 a4 10. Bb5 Bd7 11. Nf1 Ne7 12. Bxd7 Qxd7 13. d4 exd4 14. cxd4 Bb6 15. Ng3 Ng6 16. Be3 Rfe8 17. Qc2 Qb5 18. d5 Ba5 19. Rec1 Rac8 20. Qc4 Qd7 21. b4 b5 22. Qc3 Bb6 23. Bxb6 cxb6 24. Qd3 Nf4 25. Qd2 Ng6 26. Rxc8 Rxc8 27. Rc1 Rc4 28. Nd4 Qc8 29. Nc6 Qe8 30. f3 Ne5 31. Nxe5 Qxe5 32. Nf5 Nxd5 33. Rxc4 bxc4 34. Qxd5 Qa1+ 35. Kh2 c3 36.
Qc4 Qc1 37. Ne7+ Kh7 38. Qxf7 c2 39. Qg8# 1-0

[Event "*** Titled Tuesday Blitz"]
[Site "Chess.com"]
[Date "2020.05.26"]
[Round "3"]
[White "AradNazari"]
[Black "Leo_C"]
[Result "0-1"]
[WhiteElo "2449"]
[BlackElo "2279"]
[TimeControl "180+1"]
[EndTime "10:27:24 PDT"]
[Termination "Leo_C won by resignation"]

1. e4 Nf6 2. e5 Nd5 3. d4 d6 4. c4 Nb6 5. exd6 cxd6 6. Nc3 g6 7.
Be3 Bg7 8. Rc1 O-O 9. h3 Nc6 10. Nf3 Bf5 11. Be2 d5 12. c5 Nc4 13. Bxc4 dxc4 14.
a3 Bd3 15. Ne2 e5 16. dxe5 Nxe5 17. Nxe5 Bxe5 18. Nc3 Re8 19. Qf3 Bd4 20. Rd1 Bxc5 21. Rd2 Qe7 22. Kd1 Bxe3 23. fxe3 Qxe3 24. Qxe3 Rxe3 25.
Re1 Rxe1+ 26. Kxe1 Re8+ 27. Kf2 Re5 28. Rd1 Kg7 29. a4 a6 30. g3 b5 31. axb5 axb5 32. b4 h5 33. Re1 Rf5+ 34. Ke3 Rg5 35. Kf4 Rf5+ 36. Ke3 Bc2 37. Re2 Ba4 38. Rf2 Rxf2 39.
Kxf2 Kf6 40. Ke3 Ke5 41. h4 f6 42. Kf3 Kd4 43. Ne2+ Kd3 44. Nf4+ Kd2 45. Nxg6 c3 46. Nf4 c2 47. Ne2 c1=Q 48. Nxc1 Kxc1 49. Kf4 Kb2 50. Kf5 Kc3 51. Kxf6 Bd1 52. Ke5 Kxb4 53. Kd4 Ka3 54. Kc3 b4+ 55. Kd2 Bg4 56. Kc1 Ka2 0-1

[Event "*** Titled Tuesday Blitz"]
[Site "Chess.com"]
[Date "2020.05.26"]
[Round "3"]
[White "ClockworkKubrick"]
[Black "Fortitudine"]
[Result "0-1"]
[WhiteElo "2095"]
[BlackElo "2307"]
[TimeControl "180+1"]
[EndTime "10:27:24 PDT"]
[Termination "Fortitudine won by resignation"]

1. e4 c5 2. Nf3 d6 3. Nc3 Nf6 4.
Bb5+ Nbd7 5. O-O a6 6. Bxd7+ Bxd7 7. d3 e6 8. h3 Be7 9. Nh2 b5 10. f4 Rc8 11. Be3 O-O 12. Rf2 c4 13. Qd2 cxd3 14.
cxd3 Re8 15. Raf1 Qc7 16. a3 a5 17. Ng4 b4 18. axb4 axb4 19. Nd1 Nxg4 20. hxg4 Bb5 21. g5 d5 22. exd5 exd5 23. f5 Bd6 24. f6 g6 25. Bf4 Bxf4 26. Rxf4 Qc2 27. Qxb4 Bxd3 28. R4f2 Qc5 29. Qh4 Bxf1 30. Kxf1 Qc4+ 31. Qxc4 Rxc4 32. Rd2 d4 33. Nf2 Rc1+ 34. Nd1 Rc4 35. Nf2 Re5 36. Nh3 h6 37. gxh6 Rf5+ 38. Ke2 Rxf6 39. Kd3 Rb4 40. Ng5 Rf5 41. Ne4 Kh7 42. g4 Rf3+ 43. Ke2 Re3+ 44. Kf2 Rxe4 45. g5 Rf4+ 46. Kg3 Rf5 47. Rxd4 Rxd4 0-1

[Event "*** Titled Tuesday Blitz"]
[Site "Chess.com"]
[Date "2020.05.26"]
[Round "3"]
[White "Blitzstream"]
[Black "wonderfultime"]
[Result "0-1"]
[WhiteElo "2678"]
[BlackElo "2974"]
[TimeControl "180+1"]
[EndTime "10:27:25 PDT"]
[Termination "wonderfultime won by resignation"]

1. d4 d5 2. Bf4 Nf6 3. e3 e6 4.
Nf3 Bd6 5. Bd3 c5 6. c3 O-O 7. O-O Nc6 8. Nbd2 Qc7 9. Bg5 Nd7 10. e4 cxd4 11. cxd4 h6 12. Bh4 dxe4 13. Nxe4 Be7 14. Bxe7 Nxe7 15. Rc1 Qb6 16. Bb1 Nd5 17. Ne5 N7f6 18.
Nxf6+ Nxf6 19. Rc3 Rd8 20. Rd3 Bd7 21. Qf3 Bb5 22.
Rb3 Qa6 23. Re1 Rxd4 24. h3 Rad8 25. Rbe3 Be8 26. Bc2 Qa5 27. Bb3 Nd5 28. Re4 Rxe4 29. Qxe4 Nf6 30. Qf3 Qxe1+ 0-1

[Event "*** Titled Tuesday Blitz"]
[Site "Chess.com"]
[Date "2020.05.26"]
[Round "3"]
[White "Walter_White_Poland"]
[Black "Future2700"]
[Result "0-1"]
[WhiteElo "2196"]
[BlackElo "2426"]
[TimeControl "180+1"]
[EndTime "10:27:26 PDT"]
[Termination "Future2700 won on time"]

1. e4 c5 2. c4 Nc6 3. Nc3 e6 4. g3 Nge7 5. Bg2 g6 6. Nge2 Bg7 7. O-O O-O 8. d3 d6 9. Rb1 Nd4 10. a3 a5 11. Nxd4 cxd4 12. Ne2 Rb8 13. b4 axb4 14.
axb4 b5 15. cxb5 Rxb5 16. Bf4 Qb6 17. Qd2 e5 18. Bh6 Nc6 19. Bxg7 Kxg7 20. Rb2 Rxb4 21. Rfb1 Rxb2 22. Rxb2 Qc7 23. f4 f6 24. Qc1 Bg4 25.
h3 Bxe2 26. Rxe2 Qd7 27. Rc2 Rc8 28. h4 Ne7 29. Kh2 Rxc2 30. Qxc2 Qc6 31. Qb3 Qd7 32. Bh3 f5 33. h5 Kf6 34. h6 Qc8 35. Qb6 Nc6 36.
exf5 gxf5 37. fxe5+ dxe5 38. Qc5 Qd7 39. Bg2 Ne7 40.
Qb6+ Qe6 41. Qd8 Qf7 42. Qd6+ Qe6 43. Qd8 Kg6 0-1

[Event "*** Titled Tuesday Blitz"]
[Site "Chess.com"]
[Date "2020.05.26"]
[Round "3"]
[White "grunbergmihai"]
[Black "Morshynska"]
[Result "1-0"]
[WhiteElo "2378"]
[BlackElo "2165"]
[TimeControl "180+1"]
[EndTime "10:27:26 PDT"]
[Termination "grunbergmihai won on time"]

1. Nf3 d5 2. c4 d4 3. g3 Nc6 4. Bg2 e5 5. d3 Nf6 6. O-O Be7 7.
e3 O-O 8. Na3 Nd7 9. exd4 exd4 10. Nc2 Nde5 11. Ncxd4 Nxd4 12. Nxe5 c6 13. Re1 Bf5 14.
Be3 a5 15. Be4 Be6 16. Nf3 Bf6 17. Nxd4 Bxd4 18. Qd2 Qb6 19. Bxd4 Qxd4 20. Qc3 Rfd8 21. Re3 g6 22. h4 h5 23. Bxg6 Qxc3 24. bxc3 Bxc4 25.
Bxh5 Bxd3 26. Re7 Bc4 27. Rxb7 Rd2 28. a3 Rad8 29. Re1 Rc2 30. Re4 Bd5 31. Rd4 1-0

[Event "*** Titled Tuesday Blitz"]
[Site "Chess.com"]
[Date "2020.05.26"]
[Round "3"]
[White "tvjosue"]
[Black "themind1hunter"]
[Result "1-0"]
[WhiteElo "2593"]
[BlackElo "2389"]
[TimeControl "180+1"]
[EndTime "10:27:27 PDT"]
[Termination "tvjosue won on time"]

1. e4 c5 2. Nf3 d6 3. Bb5+ Nd7 4. O-O a6 5. Bxd7+ Bxd7 6. d4 cxd4 7. Qxd4 Nf6 8. Bg5 e6 9. c4 Bc6 10. Nc3 Be7 11. Rfd1 O-O 12. a4 h6 13. Bh4 Qc7 14.
a5 Rad8 15. Bg3 Nh5 16. Bh4 Nf4 17. Bxe7 Qxe7 18. Qe3 Qf6 19. Rd2 e5 20. Rad1 Rd7 21.
b4 Rdd8 22. b5 Be8 23. g3 Nh3+ 24. Kg2 Ng5 25. Nxg5 hxg5 26. Nd5 Qh6 27. Rh1 axb5 28. h4 g4 29. Qb6 Bc6 30. cxb5 Bxd5 31. Rxd5 f5 32.
exf5 Qf6 33. Rhd1 Qxf5 34. Rxd6 Qf3+ 35. Kg1 Rxd6 36. Rxd6 Rc8 37. Rd8+ Rxd8 38. Qxd8+ Kh7 39.
a6 bxa6 40. bxa6 Qa3 41. Qb6 e4 42. a7 e3 43. Qxe3 1-0

[Event "*** Titled Tuesday Blitz"]
[Site "Chess.com"]
[Date "2020.05.26"]
[Round "3"]
[White "Sanyura"]
[Black "kinga2008"]
[Result "1-0"]
[WhiteElo "2483"]
[BlackElo "2214"]
[TimeControl "180+1"]
[EndTime "10:27:27 PDT"]
[Termination "Sanyura won on time"]

1. e4 c5 2. Nf3 d6 3. d4 cxd4 4. Nxd4 Nf6 5. Nc3 g6 6. Bc4 Bg7 7. Be3 O-O 8. f3 Nc6 9. Bb3 Nxd4 10. Bxd4 Bd7 11. Qd2 b5 12. h4 h5 13. O-O-O a5 14. g4 hxg4 15. h5 b4 16. Nd5 a4 17.
Nxf6+ exf6 18. Bd5 b3 19. cxb3 axb3 20. a3 Rc8+ 21. Kb1 Rc2 22. Qe1 f5 23. hxg6 Bxd4 24.
Rxd4 Qf6 25. gxf7+ Rxf7 26. Qb4 Be6 27. Bxe6 Qxe6 28. exf5 Qe3 29. Rxg4+ Rg7 30. Qb8+ Kf7 31. Qb7+ Ke8 32. Rh8+ 1-0

[Event "*** Titled Tuesday Blitz"]
[Site "Chess.com"]
[Date "2020.05.26"]
[Round "3"]
[White "kasparicy"]
[Black "Leonid_Starozhilov"]
[Result "0-1"]
[WhiteElo "2304"]
[BlackElo "2667"]
[TimeControl "180+1"]
[EndTime "10:27:28 PDT"]
[Termination "Leonid_Starozhilov won on time"]

1. e4 g6 2. d4 Bg7 3. Nc3 d6 4. Be2 Nc6 5. Nf3 Bg4 6. Be3 Nf6 7. h4 Bxf3 8. Bxf3 h5 9. Qd2 e5 10. d5 Ne7 11. O-O-O a6 12. Kb1 Neg8 13. Bg5 Nh6 14.
Be2 Qd7 15. f3 Nhg8 16. Qe3 Ne7 17. Rdf1 Nh7 18. g4 Nxg5 19. hxg5 hxg4 20. Rxh8+ Bxh8 21. fxg4 Bg7 22. Qh3 Nc8 23. Qh7 Bf8 24. Qg8 Nb6 25. a4 Qe7 26. a5 Nd7 27. Nd1 O-O-O 28. Qxf7 Qxg5 29. Nc3 Bh6 30. Qf2 Kb8 31. Bd3 Rf8 32.
Qg2 Rf4 33. Rxf4 exf4 34. Be2 Bg7 35. Bf3 Bxc3 36. bxc3 Qe5 37. Kb2 Nc5 38. Qh3 Na4+ 0-1

[Event "*** Titled Tuesday Blitz"]
[Site "Chess.com"]
[Date "2020.05.26"]
[Round "3"]
[White "FrogMist"]
[Black "Klavdia_Nik"]
[Result "1-0"]
[WhiteElo "2363"]
[BlackElo "2063"]
[TimeControl "180+1"]
[EndTime "10:27:28 PDT"]
[Termination "FrogMist won on time"]

1. e4 e5 2. Nf3 Nc6 3. Bb5 a6 4. Ba4 Nf6 5. O-O Be7 6. Re1 b5 7. Bb3 d6 8. c3 O-O 9. h3 Bb7 10. d4 h6 11. Nbd2 Re8 12. Bc2 Bf8 13. Nf1 g6 14. a4 exd4 15. cxd4 Nb4 16. Ng3 Nxc2 17. Qxc2 c5 18. Bf4 c4 19. d5 Qb6 20. Be3 Qc7 21. Bd4 Nd7 22. axb5 axb5 23. Bc3 Rxa1 24. Rxa1 Nc5 25.
Nd4 Qd7 26. Ra5 Ba6 27. Bb4 Qc7 28. Nc6 Bb7 29. Na7 Ba6 30. Nxb5 Bxb5 31. Rxb5 Nb3 32. Bc3 Qd7 33. Rb4 Rc8 34. Qe2 1-0

[Event "*** Titled Tuesday Blitz"]
[Site "Chess.com"]
[Date "2020.05.26"]
[Round "3"]
[White "nihalsarin"]
[Black "krzyzan94"]
[Result "1-0"]
[WhiteElo "3039"]
[BlackElo "2695"]
[TimeControl "180+1"]
[EndTime "10:27:29 PDT"]
[Termination "nihalsarin won on time"]

1. c4 e6 2. d4 d5 3. Nc3 c5 4. cxd5 exd5 5. Nf3 Nc6 6. g3 Nf6 7. Bg2 cxd4 8. Nxd4 Bc5 9. Nb3 Bb6 10. O-O d4 11. Na4 O-O 12. Bg5 Re8 13. Rc1 h6 14. Bxf6 Qxf6 15. Nac5 h5 16. Nd3 h4 17. Nbc5 Rb8 18. a3 hxg3 19. hxg3 Qh6 20. Bf3 g5 21. Qb3 Kg7 22. Rfd1 Rh8 23. Qd5 Qh2+ 24. Kf1 Qh6 25. Ne5 Bh3+ 26. Ke1 Qf6 27. Ncd7 Bxd7 28. Nxd7 1-0

[Event "*** Titled Tuesday Blitz"]
[Site "Chess.com"]
[Date "2020.05.26"]
[Round "3"]
[White "Lunow"]
[Black "GMaka"]
[Result "1-0"]
[WhiteElo "2172"]
[BlackElo "2381"]
[TimeControl "180+1"]
[EndTime "10:27:30 PDT"]
[Termination "Lunow won by checkmate"]

1. c4 e5 2. g3 c6 3. d4 exd4 4. Qxd4 d5 5. Bg2 Nf6 6. Bg5 Be7 7. Nf3 O-O 8. cxd5 cxd5 9. O-O Nc6 10. Qd3 h6 11.
Bxf6 Bxf6 12. Nc3 Be6 13. Rfd1 Nb4 14. Qd2 Rc8 15. a3 Bxc3 16. bxc3 Nc6 17. Nd4 Na5 18. e4 dxe4 19. Nxe6 fxe6 20. Qe2 Qb6 21. Bxe4 Rxc3 22.
Rab1 Qc5 23. Rb5 Qxa3 24. Qg4 Rc1 25. Qxe6+ Kh8 26. Rxc1 Qxc1+ 27. Kg2 Qd2 28. Rf5 Rxf5 29. Qe8+ Kh7 30. Bxf5+ g6 31. Qxg6+ Kh8 32. Qh7# 1-0

[Event "*** Titled Tuesday Blitz"]
[Site "Chess.com"]
[Date "2020.05.26"]
[Round "3"]
[White "mohssenbinaddi"]
[Black "kleopl"]
[Result "0-1"]
[WhiteElo "2186"]
[BlackElo "2416"]
[TimeControl "180+1"]
[EndTime "10:27:30 PDT"]
[Termination "kleopl won by checkmate"]

1. Nf3 f5 2. g3 Nf6 3. Bg2 g6 4. O-O Bg7 5. d3 O-O 6. c4 d6 7. Nc3 e5 8. e4 Nc6 9. Nd5 h6 10. Nxf6+ Qxf6 11. Ne1 f4 12. b4 Nxb4 13. c5 dxc5 14. Bb2 g5 15. a3 Nc6 16. Qb3+ Kh7 17. Qb5 b6 18. gxf4 gxf4 19. Nf3 a6 20. Qb3 Be6 21. Qa4 Bg4 22. Rfe1 a5 23. h3 Bxf3 24.
Bxf3 Rad8 25. Red1 Qg6+ 26. Kh2 Rd6 27. Rg1 Qf6 28.
Rad1 Rfd8 29. Qc4 Qe6 30. Qc1 Rxd3 31. Rxd3 Rxd3 32. Qxf4 Qf6 33. Qxf6 Bxf6 34. Bg4 Ne7 35. Be6 Rd2 36. Bc1 Rxf2+ 37. Kg3 Rc2 38. Kf3 Rc3+ 39.
Kg4 Kg6 40. h4 h5# 0-1

[Event "*** Titled Tuesday Blitz"]
[Site "Chess.com"]
[Date "2020.05.26"]
[Round "3"]
[White "DACF2905"]
[Black "WiktoriaPOL"]
[Result "1-0"]
[WhiteElo "2280"]
[BlackElo "1997"]
[TimeControl "180+1"]
[EndTime "10:27:30 PDT"]
[Termination "DACF2905 won on time"]

1. c4 Nf6 2. Nc3 g6 3. g3 Bg7 4. Bg2 O-O 5. e3 d6 6. Nge2 e5 7. O-O Nc6 8. d4 Re8 9. d5 Ne7 10. e4 Nd7 11. b4 f5 12. f3 Rf8 13.
Be3 h6 14. Qd2 g5 15. c5 f4 16. Bf2 Nf6 17. Rac1 Ng6 18. cxd6 cxd6 19. Nb5 Rf7 20. Nxa7 Bd7 21. b5 fxg3 22. hxg3 g4 23. b6 gxf3 24.
Bxf3 Kh7 25. Be3 h5 26. Rf2 Qf8 27. Rcf1 Bg4 28. Bxg4 hxg4 29. Nc3 Rd8 30. Bg5 Rdd7 31. Qe2 Nh5 32. Qxg4 Rde7 33. Bxe7 1-0

[Event "*** Titled Tuesday Blitz"]
[Site "Chess.com"]
[Date "2020.05.26"]
[Round "3"]
[White "druskacik"]
[Black "Fandorine"]
[Result "1/2-1/2"]
[WhiteElo "2577"]
[BlackElo "2892"]
[TimeControl "180+1"]
[EndTime "10:27:31 PDT"]
[Termination "Game drawn by repetition"]

1. e4 c5 2. Nf3 d6 3. d4 cxd4 4. Nxd4 Nf6 5. Nc3 a6 6. Bd3 e5 7. Nf5 Bxf5 8. exf5 d5 9. Bg5 Bb4 10. O-O Nc6 11. Bxf6 gxf6 12. Qh5 Bxc3 13. bxc3 Qc7 14. Qh6 Qe7 15. Rab1 O-O-O 16. Rb6 Kc7 17. Rfb1 Rb8 18.
h4 Rhg8 19. c4 e4 20. cxd5 exd3 21. dxc6 Qe4 22. g3 dxc2 23. Rxb7+ Rxb7 24. Rxb7+ Kxc6 25. Rxf7 Qe1+ 26. Kg2 c1=Q 27. Qxf6+ Kb5 28. Rb7+ Ka5 29. Qb6+ Ka4 30. Qb3+ Ka5 31. Qb6+ Ka4 32. Qb3+ Ka5 33. Qb6+ 1/2-1/2

[Event "*** Titled Tuesday Blitz"]
[Site "Chess.com"]
[Date "2020.05.26"]
[Round "3"]
[White "Ladislav1969"]
[Black "SCIM"]
[Result "0-1"]
[WhiteElo "2312"]
[BlackElo "2519"]
[TimeControl "180+1"]
[EndTime "10:27:31 PDT"]
[Termination "SCIM won on time"]

1. e4 c5 2. d4 cxd4 3. c3 Nf6 4. e5 Nd5 5. Nf3 e6 6. cxd4 d6 7. Nc3 Nxc3 8. bxc3 Qc7 9. Bd2 Bd7 10. Bd3 Bc6 11. O-O Nd7 12. Ng5 dxe5 13. Qh5 g6 14. Qh3 Be7 15. Nxe6 fxe6 16. Bxg6+ Kd8 17. dxe5 Qxe5 18.
Bf7 Qf5 19. Bxe6 Qxh3 20. Bxh3 Kc7 21. Bf4+ Bd6 22. Bxd6+ Kxd6 23. Rad1+ Kc7 24. Rd4 Rad8 25. f4 Nf6 26. g4 Rxd4 27. cxd4 Rd8 28. g5 Ne4 29.
Rd1 Nc3 30. Rd2 Rxd4 31. Rxd4 Ne2+ 32. Kf2 Nxd4 33. Ke3 Nc2+ 34. Kd2 Nb4 35. f5 Kd6 36. f6 Bd5 37. a3 Nc6 38. Ke3 Ne5 39. Bf5 Ng6 40.
h4 Nxh4 41. Bxh7 Ke5 42. Bc2 Nf3 0-1

[Event "*** Titled Tuesday Blitz"]
[Site "Chess.com"]
[Date "2020.05.26"]
[Round "3"]
[White "Rikikits"]
[Black "sergeikim"]
[Result "1-0"]
[WhiteElo "2635"]
[BlackElo "2408"]
[TimeControl "180+1"]
[EndTime "10:27:32 PDT"]
[Termination "Rikikits won by resignation"]

1. e4 e5 2. Nf3 Nc6 3. Bb5 a6 4. Ba4 Nf6 5. O-O b5 6. Bb3 Bc5 7. c4 d6 8. h3 O-O 9. d3 h6 10. Nc3 b4 11. Nd5 Nxd5 12. cxd5 Ne7 13. d4 exd4 14.
Nxd4 Ng6 15. Be3 Qh4 16. Qc2 Re8 17. f3 a5 18. Ba4 Re5 19. Qf2 Qxf2+ 20. Kxf2 Bb7 21. Nc6 Bxe3+ 22. Kxe3 Bxc6 23. Bxc6 Rb8 24. f4 Re7 25. Kd4 Rf8 26. Rae1 Nh4 27. g3 Ng6 28. h4 h5 29. Re3 f6 30. Rfe1 Kf7 31. Kc4 Rb8 32.
Kb3 Rb6 33. Ka4 Nf8 34. Kxa5 Nd7 35. Bxd7 Rxd7 36. Ka4 Rd8 37. Kb3 Ra8 38. Rc1 Ra7 39. Re2 Rba6 40. Rec2 Rxa2 41. Rxc7+ Kg6 42. Rxa7 Rxa7 43.
Kxb4 Rb7+ 44. Kc3 Rc7+ 45. Kd2 Rb7 46. Rb1 Rb4 47. Kd3 Rb3+ 48. Kc4 Rxg3 49. b4 Re3 50. Kd4 1-0

[Event "*** Titled Tuesday Blitz"]
[Site "Chess.com"]
[Date "2020.05.26"]
[Round "3"]
[White "Elbek_Jumanov"]
[Black "TregubovP"]
[Result "1-0"]
[WhiteElo "2398"]
[BlackElo "2573"]
[TimeControl "180+1"]
[EndTime "10:27:32 PDT"]
[Termination "Elbek_Jumanov won by resignation"]

1. c4 c5 2. Nf3 Nc6 3. Nc3 Nf6 4. g3 d5 5. cxd5 Nxd5 6. Bg2 Nc7 7. O-O e5 8. d3 Be7 9. Be3 O-O 10. Rc1 Be6 11. a3 Nd5 12. Nxd5 Bxd5 13. Bxc5 Bxc5 14. Rxc5 Rc8 15. Nxe5 Bxg2 16. Kxg2 Qd6 17.
Qc1 Ne7 18. Rxc8 Rxc8 19. Qe3 Qd5+ 20. Nf3 Nf5 21. Qf4 Qe6 22. Rc1 Rxc1 23. Qxc1 h6 24.
e4 Ne7 25. Qc7 Ng6 26. h3 Qb3 27. Qc3 Qd1 28. d4 Kh7 29. d5 f6 30. Qc7 Qe2 31. d6 Qxe4 32. d7 Ne5 33. Qxe5 fxe5 34. d8=Q 1-0

[Event "*** Titled Tuesday Blitz"]
[Site "Chess.com"]
[Date "2020.05.26"]
[Round "3"]
[White "Cubitas"]
[Black "JLRHei"]
[Result "1-0"]
[WhiteElo "2520"]
[BlackElo "2315"]
[TimeControl "180+1"]
[EndTime "10:27:32 PDT"]
[Termination "Cubitas won on time"]

1. e4 c5 2. Nf3 e6 3. d4 cxd4 4. Nxd4 Nf6 5. Nc3 d6 6. Be3 Be7 7. Be2 O-O 8. O-O Nc6 9. f4 Bd7 10. Nb3 Rc8 11. Bf3 Qc7 12. Qe1 Na5 13. Nxa5 Qxa5 14.
Nd5 Qd8 15. Nxe7+ Qxe7 16. c3 a5 17. Bb6 a4 18. Ba5 Bc6 19. Bb4 Qc7 20. e5 Bxf3 21.
Rxf3 Nd5 22. Bxd6 Qb6+ 23. Qf2 Rfe8 24. Qxb6 Nxb6 25. a3 Nc4 26. Rf2 Nxd6 27. exd6 Red8 28. Rd1 Rc6 29. Rfd2 Kf8 30. Rd4 b5 31. Kf2 Ke8 32.
Rb4 Rc5 33. Ke3 Kd7 34. c4 bxc4 35. Rb7+ Kc6 36. Rc7+ Kb6 37. Rxf7 c3 38. bxc3 Rxc3+ 39. Ke4 Rxa3 40. d7 1-0

[Event "*** Titled Tuesday Blitz"]
[Site "Chess.com"]
[Date "2020.05.26"]
[Round "3"]
[White "Antelacus"]
[Black "chesstatour"]
[Result "1-0"]
[WhiteElo "2257"]
[BlackElo "1915"]
[TimeControl "180+1"]
[EndTime "10:27:32 PDT"]
[Termination "Antelacus won on time"]

1. d4 f5 2. g3 Nf6 3. Bg2 g6 4. c4 Bg7 5. Nc3 O-O 6. Nf3 d6 7. O-O c6 8. d5 Kh8 9. Nd4 e5 10.
dxe6 Na6 11. Bf4 Nh5 12. Be3 Nc5 13. Qd2 Nxe6 14. Nxe6 Bxe6 15. b3 Qf6 16. Rac1 f4 17. gxf4 Nxf4 18. Bxf4 Qxf4 19. Qxf4 Rxf4 20. e3 Rf7 21.
Ne4 Rd7 22. Rcd1 Rad8 23. Ng5 Bg8 24. Bh3 Re7 25. Rd2 d5 26. Rfd1 Rde8 27. cxd5 Bxd5 28. Bg2 Bxg2 29. Kxg2 h6 30. Nf3 Rf7 31. Rd7 Ref8 32.
Rxf7 Rxf7 33. Rd8+ Kh7 34. Nd4 Bxd4 35. Rxd4 Re7 36.
e4 Kg7 37. f4 Kf6 38. Kf3 Kf7 39. Rd6 Kg7 40. h4 Rf7 41. Kg4 Re7 42. e5 Rf7 43. b4 1-0

[Event "*** Titled Tuesday Blitz"]
[Site "Chess.com"]
[Date "2020.05.26"]
[Round "3"]
[White "Kostya26"]
[Black "Zhuu96"]
[Result "0-1"]
[WhiteElo "2451"]
[BlackElo "2841"]
[TimeControl "180+1"]
[EndTime "10:27:33 PDT"]
[Termination "Zhuu96 won by resignation"]

1. e4 c5 2. Nf3 d6 3. Bb5+ Nd7 4. d4 cxd4 5. Qxd4 Nf6 6. Nc3 e5 7. Qd3 h6 8. Be3 a6 9. Bxd7+ Bxd7 10. O-O b5 11. a4 b4 12. Nd5 Nxd5 13. Qxd5 Qc8 14. c4 Be6 15. Qd2 Qxc4 16. Rac1 Qxe4 17. Rfe1 Qb7 18. a5 Be7 19. Bb6 Rc8 20. Rxc8+ Qxc8 21. Qxb4 f6 22. Qd2 O-O 23. Rc1 Qe8 24. Rc7 Bd8 25. Ra7 Bxb6 26. axb6 Qc6 27. Rxa6 Rb8 28. Qb4 Bc4 29. Ra4 d5 30. b3 Bxb3 31. Ra1 Qxb6 32. Qe7 Bc4 33. h4 Qb7 34. Qe6+ Qf7 35. Qd6 Rc8 36. Rc1 Kh7 37. Kh2 Qc7 38. Qe6 e4+ 39.
g3 exf3 40. Qf5+ Kh8 41. h5 0-1

[Event "*** Titled Tuesday Blitz"]
[Site "Chess.com"]
[Date "2020.05.26"]
[Round "3"]
[White "ama18"]
[Black "Saxar85"]
[Result "1/2-1/2"]
[WhiteElo "2505"]
[BlackElo "2722"]
[TimeControl "180+1"]
[EndTime "10:27:34 PDT"]
[Termination "Game drawn by repetition"]

1. e4 g6 2. d4 Bg7 3. Nc3 d6 4.
f4 Nc6 5. Nf3 Bg4 6. Be3 Bxf3 7.
gxf3 e6 8. Qd2 Nf6 9. h4 Ne7 10. e5 Nh5 11. Bd3 Qd7 12. Ne4 O-O-O 13. O-O-O Kb8 14. Kb1 Nd5 15. c4 Nxe3 16. Qxe3 dxe5 17. dxe5 Qd4 18. Qxd4 Rxd4 19. Ng5 Nxf4 20. Be4 Rxd1+ 21.
Rxd1 h6 22. Nxf7 Rf8 23. Rd7 Kc8 24. Re7 Ng2 25. Bxg6 Nxh4 26. Bh5 Nf5 27. Rxe6 Nd4 28. Re7 Nf5 29. Re6 Nd4 30. Re7 Nc6 31. Re6 Nd4 1/2-1/2

[Event "*** Titled Tuesday Blitz"]
[Site "Chess.com"]
[Date "2020.05.26"]
[Round "3"]
[White "PKCLUB"]
[Black "Maxim_e2e4"]
[Result "0-1"]
[WhiteElo "2615"]
[BlackElo "2337"]
[TimeControl "180+1"]
[EndTime "10:27:34 PDT"]
[Termination "Maxim_e2e4 won on time"]

1. Nf3 c5 2. b3 Nc6 3. c4 e5 4.
Bb2 d6 5. d3 g6 6. Nc3 Bg7 7.
g3 Nge7 8. Bg2 O-O 9. O-O Rb8 10.
Rb1 a6 11. a4 b6 12. Nd2 Nb4 13. Ba1 Be6 14. e3 d5 15. cxd5 Nexd5 16. Nc4 Nxc3 17. Bxc3 Qxd3 18. Bxe5 Qxd1 19. Rfxd1 Bxe5 20. Nxe5 Rfd8 21. Nc4 Rxd1+ 22. Rxd1 b5 23. axb5 axb5 24. Na5 c4 25. bxc4 bxc4 26. Be4 c3 27. Rc1 Na2 28. Rd1 Rb2 29. Kg2 c2 30. Bxc2 Rxc2 31. Nb7 Nc3 0-1

[Event "*** Titled Tuesday Blitz"]
[Site "Chess.com"]
[Date "2020.05.26"]
[Round "3"]
[White "Superfelix"]
[Black "LittlePeasant"]
[Result "1-0"]
[WhiteElo "2458"]
[BlackElo "2762"]
[TimeControl "180+1"]
[EndTime "10:27:34 PDT"]
[Termination "Superfelix won by resignation"]

1. e4 c5 2. Nf3 e6 3. g3 Nf6 4.
e5 Nd5 5. Bg2 Nc6 6. O-O d6 7.
exd6 Bxd6 8. Re1 O-O 9. d4 cxd4 10. Nxd4 Bc5 11. Nxc6 bxc6 12. Nd2 Qb6 13. Ne4 Be7 14. c4 Nf6 15. c5 Qb5 16. Bg5 Rd8 17. Qc2 Ba6 18.
a4 Qb4 19. Nxf6+ gxf6 20. Re4 Rd4 21. Rxd4 Qxd4 22. Be3 Qd7 23. Rd1 Qb7 24. Qe4 Rc8 25.
b4 Qb8 26. Bf4 Qa8 27. Rd7 Bf8 28. Bd6 Bg7 29. Qg4 Bd3 30. Be7 Bf5 31. Qh4 Qb8 32.
Bxf6 Qxb4 33. Bxg7 Kxg7 34. Qxb4 1-0